 Dungeon Crawl Stone Soup version 0.22-a0-565-gfc6459a (webtiles) character file.

8884 galech the Fighter (level 11, -16/178 HPs)
             Began as an Ogre Berserker on June 28, 2018.
             Was a High Priest of Trog.
             Demolished by a cyclops (18 damage)
             ... on level 1 of the Orcish Mines.
             The game lasted 00:19:26 (12850 turns).

galech the Fighter (Ogre Berserker)                Turns: 12850, Time: 00:19:26

Health: -16/178    AC: 12    Str: 28    XL:     11   Next: 37%
Magic:  11/11      EV: 11    Int:  8    God:    Trog [*****.]
Gold:   193        SH:  0    Dex: 11    Spells: 10/10 levels left

rFire    x . .     SeeInvis .   a - +0 mace
rCold    + + .     Gourm    .   (no shield)
rNeg     . . .     Faith    .   A - +0 ice dragon scales
rPois    .         Spirit   .   (helmet restricted)
rElec    .         Reflect  .   (no cloak)
rCorr    .         Harm     .   (gloves unavailable)
MR       +....                  (boots unavailable)
Stlth    ..........             n - amulet of regeneration
HPRegen  0.79/turn              G - ring of flight
MPRegen  0.12/turn              (no ring)

@: berserking, very quick
A: large, unfitting armour, tough skin 1
a: Berserk, Trog's Hand, Brothers in Arms, Renounce Religion, Evoke Flight


You were on level 1 of the Orcish Mines.
You worshipped Trog.
Trog was extremely pleased with you.
You were not hungry.

You visited 2 branches of the dungeon, and saw 11 of its levels.

You collected 193 gold pieces.

Inventory:

Hand Weapons
 a - a +0 mace (weapon)
Armour
 b - a +0 animal skin
 A - +0 ice dragon scales (worn)
Jewellery
 n - an amulet of regeneration (around neck)
 G - a ring of flight (left hand)
Scrolls
 e - 5 scrolls of teleportation
 g - 5 scrolls of remove curse
 h - 3 scrolls of magic mapping
 i - a scroll of enchant weapon
 k - 5 scrolls of random uselessness
 p - a scroll of amnesia
 q - 2 scrolls of blinking
 u - a scroll of summoning
 v - a scroll of fear {unknown}
 x - a scroll of fog {unknown}
 y - 2 scrolls of enchant armour
 D - a scroll of immolation {unknown}
 F - a scroll of noise {unknown}
Potions
 d - a potion of haste
 f - 3 potions of degeneration {unknown}
 l - 2 potions of heal wounds {unknown}
 m - 2 potions of might {unknown}
 o - a potion of agility {unknown}
 r - 4 potions of lignification {unknown}
 s - 3 potions of curing
 t - a potion of ambrosia {unknown}
 w - a potion of magic {unknown}
 z - 3 potions of mutation {unknown}
 C - 2 potions of brilliance {unknown}
Comestibles
 c - 6 rations


   Skills:
 + Level 10.7 Fighting
 + Level 10.4 Maces & Flails
 + Level 6.9 Armour
 + Level 6.8 Dodging
 + Level 2.0 Stealth


You had 10 spell levels left.
You didn't know any spells.
Your spell library was empty.

Dungeon Overview and Level Annotations

Branches:
Dungeon (10/15)            Temple (0/1) D:7            Lair (0/6) D:9
    Orc (1/2) D:10

Altars:
Ashenzari
Gozag
Hepliaklqana
Kikubaaqudgha
Trog
Uskayaw
Xom
Yredelemnul
The Shining One
Beogh

Annotations:
D:5 2 transporters
D:7 Maurice
D:10 3 runed doors, vierth's ghost, journeyman MiFi


Innate Abilities, Weirdness & Mutations

You are too large for most types of armour.
You have tough skin. (AC +1)


Message History

The troll bites you.
* * * LOW HITPOINT WARNING * * *
The troll claws you but does no damage. x2
You sock the troll!
The troll is almost dead.
You sock the troll!
You kill the troll!
Trog accepts your kill.
The cyclops throws a large rock.
The large rock hits you!!
* * * LOW HITPOINT WARNING * * *
You hit the cyclops.
The cyclops is lightly wounded.
The cyclops hits you.
* * * LOW HITPOINT WARNING * * *
You bludgeon the cyclops!!
The cyclops is heavily wounded.
You thump the cyclops!
The cyclops is severely wounded.
The cyclops hits you!!
You die...

#### ### ##..# ###.##
#...# ###....# #..##
#.#....####.@C#
####......#..(#....#
##.#..##...#...##....#
#....####.....##
#....# ###..<.##.....#
.#.## #........#...# #
# ##.#...#.##....>
####..#####..... #...#
.....


You could see a cyclops.

Vanquished Creatures
  3 two-headed ogres
  A gargoyle (D:10)
  2 trolls
  2 hornets (D:10)
  10 yaks (D:10)
  3 hungry ghosts (D:10)
  A warg (D:9)
  2 water moccasins
  An ice beast (D:4)
  3 orc warriors
  3 sky beasts
  An eye of draining (D:10)
  4 ogres
  A phantom (D:7)
  2 centaurs
  Blork the orc (D:5)
  3 bullfrogs
  A wyvern skeleton (D:10)
  2 scorpions
  6 killer bees (D:8)
  3 wights (D:7)
  2 howler monkeys
  2 crimson imps
  A quasit (D:7)
  2 centaur zombies
  6 hounds
  A gnoll shaman (D:9)
  6 orc priests
  2 bullfrog skeletons
  9 orc wizards
  2 iguanas
  6 worker ants
  Natasha (thrice) (D:3)
  A killer bee zombie (D:6)
  A hound skeleton (D:8)
  16 adders
  3 gnolls (D:9)
  A howler monkey skeleton (D:6)
  2 shadow imps
  An ooze (D:1)
  4 worms
  2 dart slugs
  6 leopard geckos
  42 orcs
  A ball python (D:1)
  18 giant cockroaches
  7 goblins
  7 hobgoblins
  2 jackals (D:3)
  A quokka (D:9)
  5 bats
  8 frilled lizards
  A jackal skeleton (D:6)
  A jackal zombie (D:5)
  7 kobolds
  A leopard gecko skeleton (D:7)
  9 rats
244 creatures vanquished.

Notes
Turn   | Place    | Note
-------+----------+-------------------------------------------
     0 | D:1      | galech the Ogre Berserker began the quest for the Orb.
     0 | D:1      | Reached XP level 1. HP: 24/24 MP: 1/1
   134 | D:1      | Reached XP level 2. HP: 27/32 MP: 2/2
   533 | D:1      | Reached XP level 3. HP: 32/40 MP: 3/3
  1333 | D:2      | Reached ** piety under Trog
  1333 | D:2      | Reached skill level 5 in Fighting
  1360 | D:2      | Reached XP level 4. HP: 22/50 MP: 4/4
  1758 | D:2      | Reached XP level 5. HP: 46/57 MP: 5/5
  1851 | D:2      | Found an ancient bone altar of Kikubaaqudgha.
  2233 | D:3      | Found a glowing golden altar of the Shining One.
  2297 | D:3      | Noticed Natasha
  2325 | D:3      | Killed Natasha
  2375 | D:3      | Noticed Natasha
  2388 | D:3      | Killed Natasha
  2388 | D:3      | Reached XP level 6. HP: 33/66 MP: 6/6
  2483 | D:3      | Reached *** piety under Trog
  2745 | D:3      | Noticed Natasha
  2749 | D:3      | Killed Natasha
  3204 | D:4      | Reached skill level 5 in Maces & Flails
  3204 | D:4      | Reached XP level 7. HP: 74/74 MP: 7/7
  3217 | D:4      | Reached skill level 1 in Stealth
  3628 | D:4      | Found a hide-covered altar of Uskayaw.
  3712 | D:4      | Found a shattered altar of Ashenzari.
  3715 | D:4      | Found an opulent altar of Gozag.
  4235 | D:5      | Entered Level 5 of the Dungeon
  4235 | D:5      | Noticed Blork the orc
  4240 | D:5      | Killed Blork the orc
  4295 | D:5      | Found a transporter.
  4323 | D:5      | Found a transporter.
  4328 | D:5      | Noticed a centaur warrior
  4367 | D:5      | Found a shimmering altar of Xom.
  4368 | D:5      | Found a hazy altar of Hepliaklqana.
  4369 | D:5      | Noticed a spectral ugly thing
  4379 | D:5      | Found a bloodstained altar of Trog.
  4703 | D:5      | You fall through a shaft!
  4751 | D:6      | Reached XP level 8. HP: 70/84 MP: 8/8
  4828 | D:6      | Found a basalt altar of Yredelemnul.
  4884 | D:6      | Reached skill level 5 in Dodging
  4891 | D:6      | Reached skill level 1 in Armour
  5078 | D:5      | Reached **** piety under Trog
  6314 | D:7      | Found a staircase to the Ecumenical Temple.
  6378 | D:7      | Reached XP level 9. HP: 88/93 MP: 9/9
  6395 | D:7      | You fall through a shaft for 2 floors!
  6402 | D:8      | Noticed Maurice
 10186 | D:9      | Reached ***** piety under Trog
 10331 | D:9      | Noticed a two-headed ogre
 10339 | D:9      | Killed a two-headed ogre
 10339 | D:9      | Reached XP level 10. HP: 107/107 MP: 10/10
 10392 | D:9      | Noticed a two-headed ogre
 10407 | D:9      | Killed a two-headed ogre
 10407 | D:9      | Reached skill level 5 in Armour
 10506 | D:9      | Received a gift from Trog
 10607 | D:9      | Found a staircase to the Lair.
 10963 | D:10     | Entered Level 10 of the Dungeon
 10988 | D:10     | Noticed a gargoyle
 11001 | D:10     | Killed a gargoyle
 11275 | D:10     | Paralysed by a hornet for 2 turns
 11487 | D:10     | Reached skill level 10 in Fighting
 11487 | D:10     | Reached skill level 10 in Maces & Flails
 11499 | D:10     | Paralysed by a hornet for 3 turns
 11507 | D:10     | Paralysed by a hornet for 3 turns
 11818 | D:10     | Reached XP level 11. HP: 118/118 MP: 11/11
 11857 | D:10     | HP: 4/118 [yak (5)]
 12183 | D:10     | Found a runed gate.
 12184 | D:10     | Found a runed gate.
 12184 | D:10     | Noticed vierth's ghost (journeyman MiFi)
 12185 | D:10     | Found a runed gate.
 12187 | D:10     | Found a roughly hewn altar of Beogh.
 12459 | D:10     | Noticed a two-headed ogre
 12468 | D:10     | Killed a two-headed ogre
 12581 | D:10     | Found a staircase to the Orcish Mines.
 12803 | Orc:1    | Entered Level 1 of the Orcish Mines
 12828 | Orc:1    | Noticed a cyclops
 12846 | Orc:1    | HP: 4/178 [cyclops/large rock (28)]
 12848 | Orc:1    | HP: 1/178 [cyclops (4)]
 12850 | Orc:1    | Demolished by a cyclops

Vault maps used:
D:1:      giann_bridges, kennysheep_pointless_box, serial_bayou_ford_a
D:2:      minmay_roachtagon, kiku_gazebo_garden_becter, serial_glass,
          glass_columns_a, glass_columns_a, first_ration
D:3:      tso_metal_star, uniq_natasha
D:4:      cheibrodos_pilgrimage, grunt_temple_overflow_open, minivault_23
D:5:      regret_index_temple_of_mockery, gammafunk_temple_overflow_arena,
          uniq_blork_the_orc
D:6:      overflow_temple_1_default
D:7:      temple_doors_e
D:8:      serial_corexii_hall, corexii_hall_statues_deadend,
          corexii_hall_statues_l, corexii_hall_statues_i,
          corexii_hall_statues_l, uniq_maurice
D:9:      erik_lair_orcish_takeover, roderic_st_hans_cross
D:10:     orc_0_dummy, biasface_ghost_orc_armoury

Skill      XL: |  1  2  3  4  5  6  7  8  9 10 |
---------------+-------------------------------+-----
Dodging        | 3 4 5 6 |  6.8
Maces & Flails | 3 4 5 6 7 8 10 | 10.4
Fighting       | 5 6 7 9 10 | 10.7
Stealth        | 1 2 |  2.0
Armour         | 3 4 6 |  6.9

Action                   |  1- 3 |  4- 6 |  7- 9 | 10-12 || total
-------------------------+-------+-------+-------+-------++-------
Melee: Mace              |   138 |   219 |   659 |   385 ||  1401
Invok: Berserk           |     2 |     7 |    15 |     9 ||    33
       Trog's Hand       |     1 |       |       |       ||     1
  Use: Potion            |     1 |       |       |       ||     1
       Scroll            |       |       |       |    12 ||    12
 Stab: Sleeping          |       |     3 |     1 |       ||     4
  Eat: Chunk             |     3 |    13 |    20 |    16 ||    52
       Ration            |       |       |     5 |     6 ||    11
Armor: Animal skin       |    48 |    64 |    10 |       ||   122
       Ice dragon scales |       |       |   342 |   140 ||   482
Dodge: Dodged            |    85 |   156 |   330 |   145 ||   716

Table legend:
 A = Spawn XP
 B = Non-spawn XP
 C = Spawn XP percentage of total XP
 D = Spawn monster count
 E = Non-spawn monster count
 F = Spawn count percentage of total count
 G = Total turns spent on level
                    A         B        C        D         E        F      G
               +---------+---------+-------+---------+---------+-------+---------
         Total |       0 |   12692 |   0.0 |       0 |     244 |   0.0 | 12850
               +---------+---------+-------+---------+---------+-------+---------
           D:1 |       0 |      47 |   0.0 |       0 |      24 |   0.0 |  1256
           D:2 |       0 |     132 |   0.0 |       0 |      31 |   0.0 |   870
           D:3 |       0 |     369 |   0.0 |       0 |      37 |   0.0 |   932
           D:4 |       0 |     337 |   0.0 |       0 |      12 |   0.0 |  1177
           D:5 |       0 |     519 |   0.0 |       0 |      14 |   0.0 |   875
           D:6 |       0 |     451 |   0.0 |       0 |      26 |   0.0 |   815
           D:7 |       0 |     778 |   0.0 |       0 |      17 |   0.0 |  2829
           D:8 |       0 |     909 |   0.0 |       0 |      23 |   0.0 |  1209
           D:9 |       0 |    3096 |   0.0 |       0 |      26 |   0.0 |  1130
          D:10 |       0 |    5747 |   0.0 |       0 |      33 |   0.0 |  1710
         Orc:1 |       0 |     307 |   0.0 |       0 |       1 |   0.0 |    47
               +---------+---------+-------+---------+---------+-------+---------
